 Dungeon Crawl Stone Soup version 0.29.1-15-g9cfb28693d (webtiles) character file.

Game seed: 17519201564025622472

24 coffeetime the Trooper (level 3, 0/31 HPs)
             Began as a Ghoul Monk on July 10, 2023.
             Slain by a gnoll
             ... wielding a +0 spear
              (1 damage)
             ... on level 2 of the Dungeon.
             The game lasted 00:02:19 (670 turns).

coffeetime the Trooper (Ghoul Monk)                  Turns: 670, Time: 00:02:19

Health: 0/31       AC:  2    Str: 16    XL:     3   Next: 2%
Magic:  2/2        EV: 12    Int:  5    God:
Gold:   43         SH:  0    Dex: 11    Spells: 2/2 levels left

rFire   . . .      SeeInvis .   a - +0 hand axe
rCold   + . .      Faith    .   (no shield)
rNeg    + + +      Spirit   .   b - +0 robe
rPois   ∞          Reflect  .   (no helmet)
rElec   .          Harm     .   (no cloak)
rCorr   .          Rampage  .   (no gloves)
Will    .....                   (no boots)
Stlth   +.........              (no amulet)
HPRegen 0.00/turn               (no ring)
MPRegen 0.08/turn               (no ring)

@: confused, ambrosia-drunk, inhibited regen
A: claws 1, cold resistance 1, negative energy resistance 3, inhibited
regeneration, torment resistance 2, devour on kill
a: no special abilities


You were on level 2 of the Dungeon.
You visited 1 branch of the dungeon, and saw 2 of its levels.

You collected 43 gold pieces.

Inventory:

Hand Weapons
 a - a +0 hand axe (weapon)
Armour
 b - a +0 robe (worn)
Jewellery
 d - an amulet of magic regeneration
Scrolls
 e - a scroll of teleportation {unknown}
 i - a scroll of enchant armour {unknown}
Potions
 f - a potion of curing {unknown}
 g - a potion of brilliance {unknown}
 h - a potion of flight {unknown}


   Skills:
 + Level 3.5 Fighting
 + Level 3.1 Axes
 + Level 3.1 Dodging
 + Level 2.3 Stealth


You had 2 spell levels left.
You didn't know any spells.
Your spell library contained the following spells:

 Spells                   Type           Power      Damage    Failure   Level
 Magic Dart               Conj           0%         1d3       47%         1
 Call Imp                 Summ           0%         N/A       63%         2
 Mephitic Cloud           Conj/Pois/Air  0%         N/A       85%         3


Dungeon Overview and Level Annotations

Branches:
Dungeon (2/15)

Altars:


Innate Abilities, Weirdness & Mutations

You are immune to poison.
You have sharp fingernails.
Your flesh is cold resistant. (rC+)
You are immune to negative energy. (rN+++)
You do not regenerate when monsters are visible.
You are immune to unholy pain and torment.
You thrive by killing the living.


Message History

The gnoll attacks as you move away! The gnoll closely misses you.
The gnoll shouts! x2
You hit the gnoll.
The gnoll is heavily wounded.
A gnoll comes into view. It is wielding a +0 club.
The gnoll misses you. The gnoll hits you with a +0 whip.
You barely miss the gnoll.
The gnoll is heavily wounded.
A dart slug comes into view.
The gnoll barely misses you.
You barely miss the gnoll.
The gnoll is heavily wounded.
The gnoll hits you with a +0 whip. The gnoll misses you.
You hit the gnoll but do no damage.
The gnoll is heavily wounded.
The gnoll closely misses you.
The gnoll hits you from afar with a +0 spear.
Sorry, you're not good enough to have a special ability.
You are confused.
You feel invigorated. The gnoll closely misses you. x2
You hit the gnoll but do no damage.
The gnoll is heavily wounded.
The gnoll hits you with a +0 whip.
The gnoll hits you from afar with a +0 spear!
* * * LOW HITPOINT WARNING * * *
You bump into the rock wall.
The gnoll hits you with a +0 whip.
The gnoll hits you from afar with a +0 spear.
* * * LOW HITPOINT WARNING * * *
You bump into the rock wall.
The gnoll barely misses you. x2
You miss the gnoll.
The gnoll is heavily wounded.
The gnoll closely misses you.
The gnoll hits you from afar with a +0 spear!
* * * LOW HITPOINT WARNING * * *
You closely miss the gnoll.
The gnoll is heavily wounded.
The gnoll hits you with a +0 whip.
* * * LOW HITPOINT WARNING * * *
The gnoll hits you from afar with a +0 spear.
You die...

..... ... ...
#.# #.###.#####
#...ggw...#
#####g###.# #g#
.##
###.#####@##...#
............#
#######.....#
#†###.# #.# #..
#<# ### #.# #.#
...


You could see 4 gnolls and a dart slug.

Vanquished Creatures
  2 ball pythons (D:1)
  4 endoplasms (D:1)
  3 giant cockroaches
  2 hobgoblins
  A quokka (D:1)
  4 bats (D:1)
  3 kobolds (D:1)
19 creatures vanquished.

Notes
Turn   | Place    | Note
-------+----------+-------------------------------------------
     0 | D:1      | coffeetime the Ghoul Monk began the quest for the Orb.
     0 | D:1      | Reached XP level 1. HP: 19/19 MP: 0/0
    78 | D:1      | Reached XP level 2. HP: 20/26 MP: 1/1
   641 | D:2      | Reached XP level 3. HP: 25/31 MP: 2/2
   670 | D:2      | HP: 1/31 [gnoll/+0 whip (6)]
   670 | D:2      | Slain by a gnoll

Illustrated notes

Levels and vault maps discovered:
D:1:      mrwooster_arrival_statue, layout_rooms
D:2:      layout_loops_ring, grunt_ministairs_8

Skill      XL: |  1  2 |
---------------+-------+-----
Dodging        | 3 |  3.1
Axes           | 3 |  3.1
Fighting       | |  3.5
Stealth        | |  2.3

Action                   || total
-------------------------++-------
Melee: Hand axe          ||    59
  Use: Potion            ||     1
 Stab: Sleeping          ||     1
Armor: Robe              ||     9
Dodge: Dodged            ||    45
